 Dungeon Crawl Stone Soup version 0.20-a0-270-g8e735b6 (webtiles) character file.

327 Jarlath the Carver (level 6, -5/39 HPs)
             Began as a High Elf Skald on Dec 9, 2016.
             Slain by a centaur (7 damage)
             ... on level 5 of the Dungeon.
             The game lasted 00:03:51 (3763 turns).

Jarlath the Carver (High Elf Skald)                 Turns: 3763, Time: 00:03:52

Health: -5/39      AC:  7    Str: 11    XL:     6   Next: 24%
Magic:  5/10       EV: 11    Int: 16    God:
Gold:   225        SH:  0    Dex: 17    Spells: 1/9 levels left

rFire  + . .     SeeInvis .     a - +3 falchion
rCold  . . .     Gourm    .     b - +0 leather armour
rNeg   . . .     Faith    .     (no shield)
rPois  .         Spirit   .     l - +0 helmet
rElec  .         Reflect  .     (no cloak)
rCorr  .         Harm     .     y - +0 pair of gloves
MR     .....                    (no boots)
Stlth  +.........               q - amulet of regeneration (curse)
                                d - ring of protection from fire
                                e - +2 ring of protection

@: infused, very slightly contaminated
A: no striking features
a: no special abilities


You were on level 5 of the Dungeon.
You were very full.

You visited 1 branch of the dungeon, and saw 5 of its levels.

You collected 225 gold pieces.

Inventory:

Hand Weapons
 a - a +3 falchion (weapon)
Armour
 b - a +0 leather armour (worn)
 l - a +0 helmet (worn)
 y - a +0 pair of gloves (worn)
Jewellery
 d - a ring of protection from fire (right hand)
 e - a +2 ring of protection (left hand)
 q - a cursed amulet of regeneration (around neck)
Scrolls
 j - 7 scrolls of remove curse
 u - 2 scrolls of blinking
 x - a scroll of recharging
Potions
 g - 3 potions of degeneration
 h - 2 potions of cure mutation
 i - 2 potions of haste
 o - a potion of mutation {unknown}
 p - 3 potions of ambrosia
 r - a potion of resistance {unknown}
 s - a potion of lignification
 t - a potion of brilliance
Books
 c - a book of Battle

   Spells                             Type                      Level
   a - Infusion                       Charms                       1
   b - Shroud of Golubria             Charms/Translocation         2
   c - Song of Slaying                Charms                       2
   d - Spectral Weapon                Hexes/Charms                 3
   e - Regeneration                   Charms/Necromancy            3
Comestibles
 f - 5 chunks of flesh
 m - 2 slices of pizza
 n - a beef jerky
 w - a bread ration


   Skills:
 - Level 2.0 Fighting
 + Level 8.0 Long Blades
 - Level 0.8 Armour
 - Level 1.1 Dodging
 - Level 2.4 Spellcasting
 - Level 3.6 Charms


You had one spell level left.
You knew the following spells:

 Your Spells              Type           Power        Failure   Level  Hunger
a - Infusion              Chrm           ##..         8%          1    #......
b - Song of Slaying       Chrm           ##......     12%         2    ###....
c - Shroud of Golubria    Chrm/Tloc      #.........   21%         2    ###....
d - Regeneration          Chrm/Necr      #.........   43%         3    ###....


Dungeon Overview and Level Annotations

Branches:
Dungeon (5/15)
 Temple: D:4-7

Altars:
Elyvilon
Trog
Yredelemnul

Annotations:
D:4 Purgy


Message History

The centaur hits you.
Casting: Song of Slaying
Confirm with . or Enter, or press ? or * to list all spells.
You begin infusing your attacks with magical energy.
The centaur hits you but does no damage.
The centaur hits you.
Casting: Infusion
Confirm with . or Enter, or press ? or * to list all spells.
You miscast Regeneration.
You are very lightly contaminated with residual magic.
Nothing appears to happen.
The centaur hits you!
* * * LOW HITPOINT WARNING * * *
You feel better. The centaur hits you!
* * * LOW HITPOINT WARNING * * *
The centaur hits you.
* * * LOW HITPOINT WARNING * * *
You hit the centaur.
The centaur is heavily wounded.
The centaur hits you!
You die...

..# # #.#
####. ...
..... #.#
..... #.#
#..###<#
#......# #
#.##.######.#
#.....%(.@c.#
####.########
§.§# §§§. .
#. . .#


You could see a centaur.

Vanquished Creatures
  A centaur (D:4)
  A hound (D:4)
  An orc priest (D:4)
  Natasha (D:3)
  A hound skeleton (D:4)
  4 gnolls
  2 adders
  An ooze (D:3)
  2 worms (D:3)
  2 dart slugs
  2 leopard geckos (D:3)
  5 orcs
  6 giant cockroaches
  4 goblins (D:1)
  7 hobgoblins
  6 jackals
  6 kobolds
  2 quokkas (D:3)
  3 ball pythons
  4 bats
  8 frilled lizards
  A quokka zombie (D:5)
  13 rats
83 creatures vanquished.

Notes
Turn   | Place    | Note
-------+----------+-------------------------------------------
     0 | D:1      | Jarlath the High Elf Skald began the quest for the Orb.
     0 | D:1      | Reached XP level 1. HP: 14/14 MP: 4/4
    44 | D:2      | Reached skill level 3 in Long Blades
   582 | D:2      | Reached XP level 2. HP: 19/19 MP: 1/6
   669 | D:2      | Learned a level 2 spell: Song of Slaying
   676 | D:2      | Learned a level 2 spell: Shroud of Golubria
   926 | D:1      | Reached skill level 4 in Long Blades
   981 | D:1      | Reached XP level 3. HP: 23/24 MP: 7/7
  1794 | D:2      | Reached skill level 5 in Long Blades
  1929 | D:2      | Reached XP level 4. HP: 29/29 MP: 0/8
  2602 | D:3      | Reached skill level 6 in Long Blades
  2729 | D:3      | Noticed Natasha
  2738 | D:3      | Killed Natasha
  2738 | D:3      | Reached XP level 5. HP: 20/34 MP: 9/9
  2805 | D:3      | Found a basalt altar of Yredelemnul.
  2938 | D:4      | Reached skill level 7 in Long Blades
  3009 | D:4      | Found a bloodstained altar of Trog.
  3374 | D:4      | Found a white marble altar of Elyvilon.
  3375 | D:4      | Noticed Purgy
  3522 | D:4      | Learned a level 3 spell: Regeneration
  3536 | D:4      | Noticed a centaur
  3541 | D:4      | Killed a centaur
  3541 | D:4      | Reached XP level 6. HP: 39/39 MP: 10/10
  3613 | D:4      | Reached skill level 8 in Long Blades
  3748 | D:5      | Entered Level 5 of the Dungeon
  3763 | D:5      | Slain by a centaur

Vault maps used:
D:1:      onia_arrival_handbag
D:3:      old_standard_altar, first_bread, uniq_natasha
D:4:      minmay_door_path, kennysheep_mini, old_standard_altar, uniq_purgy
D:5:      grunt_dithmenos_smoke, doesnt_xom_only_xom, serial_shops,
          kennysheep_little_box

Skill      XL: |  1  2  3  4  5  6 |
---------------+-------------------+-----
Long Blades    | 3 4 5 6 7 8 |  8.0
Fighting       | |  2.0
Armour         | |  0.8
Dodging        | |  1.1
Spellcasting   | |  2.4
Charms         | |  3.6

Action                   |  1- 3 |  4- 6 || total
-------------------------+-------+-------++-------
Melee: Falchion          |   111 |   137 ||   248
 Cast: Infusion          |     6 |     7 ||    13
       Shroud of Golubri |     4 |     5 ||     9
       Regeneration      |       |     1 ||     1
       Song of Slaying   |       |     1 ||     1
  Use: Scroll            |     6 |    10 ||    16
       Potion            |       |     1 ||     1
 Stab: Distracted        |     1 |       ||     1
       Sleeping          |       |     1 ||     1
  Eat: Chunk             |     2 |     2 ||     4
       Bread ration      |     1 |       ||     1
       Meat ration       |       |     2 ||     2
Armor: Leather armour    |    45 |    58 ||   103
Dodge: Dodged            |    86 |    90 ||   176
       Rpst.: Falchion   |    24 |    25 ||    49
